 Dungeon Crawl Stone Soup version 0.19-b1-4-gd8a0a2a (webtiles) character file.

42 vev the Sneak (level 3, 0/16 HPs)
             Began as a Spriggan Conjurer on Oct 30, 2016.
             Succumbed to an adder's poison
             ... on level 2 of the Dungeon.
             The game lasted 00:02:58 (2274 turns).

vev the Sneak (Spriggan Conjurer)                   Turns: 2274, Time: 00:02:59

Health: 0/16       AC:  2    Str:  4    XL:     3   Next: 33%
Magic:  0/9        EV: 19    Int: 17    God:
Gold:   86         SH:  0    Dex: 16    Spells: 1 memorised, 8 levels left

rFire  . . .     SeeInvis +     m - -1 dagger (curse)
rCold  . . .     Gourm    .     a - +0 robe
rNeg   . . .     Faith    .     (shield restricted)
rPois  .         Spirit   .     (helmet restricted)
rElec  .         Reflect  .     (no cloak)
rCorr  .         Harm     .     (gloves unavailable)
MR     .....                    (boots unavailable)
Stlth  ++++......               (no amulet)
                                (no ring)
                                d - ring of stealth

@: lethally poisoned (0 -> -12), very slightly contaminated, very quick
A: unfitting armour, see invisible, herbivore 3, speed 3, slow metabolism 2
a: no special abilities


You were on level 2 of the Dungeon.
You were not hungry.

You visited 1 branch of the dungeon, and saw 2 of its levels.

You collected 86 gold pieces.

Inventory:

Hand Weapons
 m - a cursed -1 dagger (weapon)
 n - a +0 dagger
Armour
 a - a +0 robe (worn)
Jewellery
 d - a ring of stealth (left hand)
Scrolls
 e - 3 scrolls of magic mapping {unknown}
 i - a scroll of enchant weapon {unknown}
 k - a scroll of random uselessness {unknown}
 l - a scroll of noise {unknown}
 o - a scroll of recharging {unknown}
Potions
 f - a potion of cure mutation {unknown}
 g - 2 potions of curing {unknown}
 h - a potion of heal wounds {unknown}
 j - a potion of lignification {unknown}
 q - a potion of degeneration {unknown}
Books
 b - a book of Conjurations

   Spells                             Type                      Level
   a - Magic Dart                     Conjuration                  1
   b - Searing Ray                    Conjuration                  2
   c - Dazzling Spray                 Conjuration/Hexes            3
   d - Fulminant Prism                Conjuration/Hexes            4
   e - Iskenderun's Mystic Blast      Conjuration                  4
   f - Iskenderun's Battlesphere      Conjuration/Charms           5
Comestibles
 c - a bread ration
 p - 2 fruits


   Skills:
 + Level 3.6 Dodging
 + Level 4.5 Stealth
 + Level 3.5 Spellcasting
 - Level 2.9 Conjurations


You had 8 spell levels left.
You knew the following spells:

 Your Spells              Type           Power        Failure   Level  Hunger
a - Magic Dart            Conj           ##..         6%          1    None


Dungeon Overview and Level Annotations

Branches:
Dungeon (2/15)

Altars:


Innate Abilities, Weirdness & Mutations

You are very small and have problems with some larger weapons.
You are too small for most types of armour.
You have supernaturally acute eyesight. (SInv)
You are a herbivore.
You cover ground extremely quickly.
You need consume almost no food.


Message History

Casting: Magic Dart
Confirm with . or Enter, or press ? or * to list all spells.
You don't have enough magic to cast that spell.
You hit the adder but do no damage.
The adder is heavily wounded.
You feel sick. The adder completely misses you.
You miss the adder.
The adder is moderately wounded.
The adder completely misses you.
You hit the adder.
The adder is heavily wounded.
The adder bites you.
* * * LOW HITPOINT WARNING * * *
The adder bites you.
* * * LOW HITPOINT WARNING * * *
You are more poisoned.
The adder poisons you!
You hit the adder but do no damage.
The adder is heavily wounded.
You die...

#.#
#...######
#.#
####[......r#
#.#
#.....##.#
#.#
#[###..#.#
#.###.# ##.$#
#.....###g.##
#####.##...$#
#.##g..#.#
#.@Sr.##.#
####...?...
#.#..###
#.#...#
#.......
###...### ...


You could see an adder, a hobgoblin and a rat.

Vanquished Creatures
  An adder (D:2)
  A dart slug (D:1)
  A leopard gecko (D:1)
  4 bats (D:1)
  A giant cockroach (D:2)
  2 goblins
  4 hobgoblins (D:1)
  6 jackals (D:2)
  4 frilled lizards
  4 rats
28 creatures vanquished.

Notes
Turn   | Place    | Note
-------+----------+-------------------------------------------
     0 | D:1      | vev the Spriggan Conjurer began the quest for the Orb.
     0 | D:1      | Reached XP level 1. HP: 9/9 MP: 5/5
   293 | D:1      | Reached skill level 3 in Spellcasting
   363 | D:1      | Reached XP level 2. HP: 12/13 MP: 0/7
   595 | D:1      | Reached skill level 4 in Stealth
  1073 | D:2      | Reached XP level 3. HP: 16/16 MP: 1/9
  2273 | D:2      | HP: 1/16 [adder (5)]
  2274 | D:2      | Succumbed to an adder's poison

Skill      XL: |  1  2 |
---------------+-------+-----
Spellcasting   | 3 |  3.5
Stealth        | 4 |  4.5
Dodging        | |  3.6
Conjurations   | |  2.9

Action                   || total
-------------------------++-------
Melee: Unarmed           ||    15
       Dagger            ||    43
 Cast: Magic Dart        ||    75
 Stab: Sleeping          ||     2
Armor: Robe              ||     6
Dodge: Dodged            ||    73
